Map: Ice and Chrome LE

Players

sailbOats - Winner!

  • Race: Zerg Zerg
  • Spawn Location: 1:00

VOD

Have the link to the VOD?

Description

Time

  • Played on: June 9, 2020, 11:09 p.m.
  • Length: 11:50
Show
View Real Time Build Order
Export as new Build Order

sailbOats Zerg - Winner!

Build Orders:  

Get SALT Encoding   

  12  0:01  Drone  
  13  0:18  Overlord  
  13  0:29  Drone  
  14  0:44  Drone  
  14  0:45  Drone  
  16  1:11  Hatchery  
  16  1:14  Drone  
  16  1:19  Drone  
  17  1:24  Drone  
  18  1:32  Extractor  
  17  1:49  Spawning Pool  
  16  1:53  Drone  
  16  1:58  Drone  
  18  2:09  Drone  
  19  2:22  Drone  
  20  2:36  Drone  
  21  2:49  Drone  
  22  2:58  Queen  
  22  2:59  Queen  
  26  3:03  Zergling x2  
  27  3:11  Zergling x2  
  28  3:23  Overlord  
  28  3:48  Drone  
  28  3:49  Drone  
  30  4:12  Drone x2  
  32  4:20  Queen x2  
  32  4:29  Overlord x2  
  36  5:01  Drone x2  
  36  5:02  Drone x2  
  36  5:03  Drone x3  
  43  5:48  Lair  
  43  5:51  Evolution Chamber  
  43  5:54  Extractor  
  41  6:00  Extractor  
  41  6:07  Roach Warren  
  39  6:53  Drone  
  39  6:54  Drone x4  
  44  7:12  Glial Reconstitution  
  44  7:18  Zerg Missile Weapons Level 1  
  44  7:24  Roach x4  
  52  7:33  Overlord x3  
  52  7:38  Overlord  
  52  8:08  Roach x3  
  52  8:09  Roach x3  
  64  8:34  Roach  
  64  8:35  Roach x2  
  70  8:41  Overlord x2  
  70  8:43  Roach x3  
  70  8:44  Roach  
  78  9:21  Roach  
  78  9:22  Roach x4  
  78  9:23  Roach x4  
  78  9:24  Roach  
Tags
 
Add a new tag
Caveats
  • Supply blocks, unpowered buildings, or Contaminate may cause inaccurate times.
  • Supply counts are checked every 10 seconds.